 Dungeon Crawl Stone Soup version 0.29.1-2-gbd0b4ee654 (console) character file.

Game seed: 9153502806876767268

0 Goreval the Sneak (level 1, 0/15 HPs)
             Began as a Naga Enchanter on Nov 15, 2022.
             Slain by a bat (1 damage)
             ... on level 1 of the Dungeon.
             The game lasted 00:00:30 (30 turns).

Goreval the Sneak (Naga Enchanter)                    Turns: 30, Time: 00:00:30

Health: 0/15       AC:  1    Str: 10    XL:     1   Next: 10%
Magic:  3/3        EV:  9    Int: 15    God:
Gold:   0          SH:  0    Dex: 11    Spells: 4/4 levels left

rFire   . . .      SeeInvis +   a - +1 dagger
rCold   . . .      Faith    .   (no shield)
rNeg    . . .      Spirit   .   b - +0 robe
rPois   +          Reflect  .   (no helmet)
rElec   .          Harm     .   (no cloak)
rCorr   .          Rampage  .   (no gloves)
Will    .....                   (no barding)
Stlth   ++........              (no amulet)
HPRegen 0.05/turn               (no ring)
MPRegen 0.08/turn               (no ring)

@: very slow
A: AC +0, large, see invisible, deformed body, poison resistance, slowness 2,
spit poison 1, naga tail 1
a: Spit Poison


You were on level 1 of the Dungeon.
You visited 1 branch of the dungeon, and saw 1 of its levels.

Inventory:

Hand Weapons
 a - a +1 dagger (weapon)
Armour
 b - a +0 robe (worn)
Potions
 c - 2 potions of invisibility
 d - 2 potions of haste {unknown}


   Skills:
 * Level 1.0 Short Blades
 - Level 1.5 Dodging
 + Level 4.4 Stealth
 + Level 2.0 Spellcasting
 * Level 3.0 Hexes


You had 4 spell levels left.
You didn't know any spells.
Your spell library contained the following spells:

 Spells                   Type           Power      Damage    Failure   Level
 Ensorcelled Hibernation  Hex/Ice        12%        N/A       19%         2
 Confusing Touch          Hex            10%        N/A       19%         3
 Tukima's Dance           Hex            10%        N/A       19%         3
 Dazzling Flash           Conj/Hex       12%        N/A       34%         3


Dungeon Overview and Level Annotations

Branches:
Dungeon (1/15)

Altars:


Innate Abilities, Weirdness & Mutations

Your serpentine skin is tough. (AC +0)
You have supernaturally acute eyesight. (SInv)
Armour fits poorly on your strangely shaped body.
Your system is resistant to poisons. (rPois)
You cover ground very slowly.
You can spit poison.
You have a snake-like lower body.


Message History

The fabled Orb of Zot lies far below, as if waiting for you to find it.
Found 2 bubbling red potions, a smoky black potion, 17 gold pieces and a scroll labelled SUENUESIAR.
Found a staircase leading out of the dungeon.
Found 16 gold pieces.
d - 2 bubbling red potions A kobold comes into view.
It is wielding a +0 whip.
You see here a smoky black potion.
The kobold shouts!
A bat comes into view.
You barely miss the kobold.
Something hits the plant.
The plant begins to die.
The kobold misses you.
You hit the kobold but do no damage. The kobold barely misses you.
You closely miss the kobold. The kobold hits you with a +0 whip.
You hit the kobold but do no damage. The kobold hits you with a +0 whip.
The bat hits something.
You hit the kobold but do no damage.
The bat hits something. x2
You hit the kobold.
You kill the kobold!
A nearby plant withers and dies.
The bat hits something. x3
The bat hits something. x2
You are too injured to fight recklessly!
You are too injured to fight recklessly!
You are too injured to fight recklessly!
You are too injured to fight recklessly!
You hit the bat. The bat completely misses you. The bat hits you.
The bat hits you but does no damage. The bat hits you.
You see here a +0 whip.
You completely miss the bat. The bat barely misses you. The bat hits you.
* * * LOW HITPOINT WARNING * * *
You see here a smoky black potion.
You miss the bat. The bat hits you.
* * * LOW HITPOINT WARNING * * *
The bat completely misses you. The bat hits you.
* * * LOW HITPOINT WARNING * * *
You hit the bat. The bat hits you.
* * * LOW HITPOINT WARNING * * *
You closely miss the bat. The bat barely misses you.
The bat hits you but does no damage.
You hit the bat but do no damage. The bat hits you.
You die...

b# #####.# .....#
.# ##....# .#
##...?.##$#
.##..PP.....#
......♣.....#
###..P.P.P...### #
....P♣♣Pb.....#..
.#..PP♣.@........
#.PP♣P.........#
♣P<......P...
.....P..P....P♣PP.
.#......PP...$♣ P
##..PP♣P...P♣P♣
##..PP.....P...
#...P.....P.$..
#....#...##....
###....#.. ...


You could see a bat.

Vanquished Creatures
  A kobold (D:1)
1 creature vanquished.

Vanquished Creatures (others)
  2 plants (D:1)
2 creatures vanquished.

Grand Total: 3 creatures vanquished

Notes
Turn   | Place    | Note
-------+----------+-------------------------------------------
     0 | D:1      | Goreval the Naga Enchanter began the quest for the Orb.
     0 | D:1      | Reached XP level 1. HP: 15/15 MP: 3/3
    30 | D:1      | Slain by a bat

Illustrated notes

Levels and vault maps discovered:
D:1:      spicycebolla_arrival_clurvy, layout_loops_ring,
          chequers_hall_statues_y, chequers_arboretum

Action                   || total
-------------------------++-------
Melee: Dagger            ||    12
Armor: Robe              ||     2
Dodge: Dodged            ||     6
